 Dungeon Crawl Stone Soup version 0.28.0-43-g3370ac3207 (webtiles) character file.

Game seed: 5613604918407900228

387 issech the Cudgeller (level 6, -8/61 HPs)
             Began as a Troll Monk on Mar 30, 2022.
             Mangled by a two-headed ogre
             ... wielding a +0 giant spiked club
              (15 damage)
             ... on level 5 of the Dungeon.
             The game lasted 00:12:32 (3886 turns).

issech the Cudgeller (Troll Monk)                   Turns: 3886, Time: 00:12:32

Health: -8/61      AC:  8    Str: 20    XL:     6   Next: 49%
Magic:  5/5        EV: 11    Int:  6    God:
Gold:   199        SH:  0    Dex: 14    Spells: 5/5 levels left

rFire   . . .      SeeInvis .   a - +0 mace
rCold   . . .      Faith    .   (no shield)
rNeg    . . .      Spirit   .   b - +0 robe
rPois   .          Reflect  .   (helmet restricted)
rElec   .          Harm     .   (no cloak)
rCorr   .          Rampage  .   (gloves unavailable)
Will    .....                   (boots unavailable)
Stlth   ++........              (no amulet)
HPRegen 1.00/turn               q - +4 ring of protection
MPRegen 0.09/turn               (no ring)

@: no status effects
A: large, unfitting armour, claws 3, regeneration 1, shaggy fur 1, tough skin 1
a: no special abilities


You were on level 5 of the Dungeon.
You visited 1 branch of the dungeon, and saw 5 of its levels.

You collected 199 gold pieces.

Inventory:

Hand Weapons
 a - a +0 mace (weapon)
 h - a +0 short sword of freezing
 i - a +0 hunting sling
Missiles
 f - 121 stones
 g - 16 sling bullets
 l - 4 poisoned darts
 o - 5 boomerangs (quivered)
 p - 82 arrows
Armour
 b - a +0 robe (worn)
Jewellery
 q - a +4 ring of protection (left claw)
Scrolls
 c - a scroll of fear {unknown}
 j - a scroll of magic mapping {unknown}
 k - a scroll of teleportation {unknown}
 n - a scroll of vulnerability {unknown}
 r - a scroll of identify {unknown}
Potions
 d - 2 potions of heal wounds {unknown}
 e - 2 potions of invisibility {unknown}
 m - a potion of ambrosia {unknown}
 s - a potion of curing {unknown}


   Skills:
 + Level 3.6 Fighting
 + Level 4.3 Maces & Flails
 + Level 2.0 Throwing
 + Level 3.6 Dodging
 + Level 1.4 Stealth


You had 5 spell levels left.
You didn't know any spells.
Your spell library contained the following spells:

 Spells                   Type           Power      Damage    Failure   Level
 Freeze                   Ice            0%         1d3       45%         1
 Frozen Ramparts          Ice            0%         1d2       83%         3
 Summon Guardian Golem    Hex/Summ       0%         N/A       83%         3
 Hailstorm                Conj/Ice       0%         3d3       99%         4
 Orb of Destruction       Conj           0%         9d5       100%        7
 Spellforged Servitor     Conj/Summ      0%         N/A       100%        7


Dungeon Overview and Level Annotations

Branches:
Dungeon (5/15)
 Temple: D:4-7

Altars:
Dithmenos
Zin

Shops:
D:1 =

Annotations:
D:5 Grinder


Innate Abilities, Weirdness & Mutations

You are too large for most types of armour.
You have claws for hands.
Your natural rate of healing is unusually fast.
You are covered in fur. (AC +1)
You have tough skin. (AC +1)


Message History

You hit the scorpion.
The scorpion is heavily wounded.
The scorpion stings you but does no damage.
The scorpion completely misses you.
You hit the scorpion but do no damage.
The scorpion is heavily wounded.
The scorpion stings you.
You hit the scorpion.
The scorpion is severely wounded.
The scorpion stings you.
You are poisoned.
The scorpion poisons you!
You hit the two-headed ogre.
The two-headed ogre is lightly wounded.
You feel very sick. The two-headed ogre closely misses you.
The two-headed ogre hits you but does no damage.
You hit the two-headed ogre.
The two-headed ogre is lightly wounded.
You feel very sick.
You barely miss the two-headed ogre.
The two-headed ogre is lightly wounded.
You feel sick.
The two-headed ogre hits you with a +0 giant spiked club!!
The two-headed ogre closely misses you.
You hit the two-headed ogre but do no damage.
The two-headed ogre is lightly wounded.
You feel sick.
The two-headed ogre hits you with a +0 giant spiked club!!
* * * LOW HITPOINT WARNING * * *
The two-headed ogre barely misses you.
You feel sick.
You feel sick.
You feel sick.
You feel sick.
You feel sick.
You are no longer poisoned.
There is a stone staircase leading up here.
The two-headed ogre hits you with a +0 giant spiked club!
You die...

(.# ....
....#..#
.....$# #..
#.########
..##?........
#
..##s#######
#.#. #....##
#...##s.#..#
#.@O..##..#
#.##..# #.#
#. #..# .# ..
#### .. ###
.. .#. #.


You could see a two-headed ogre and a scorpion.

Vanquished Creatures
  Sigmund (D:3)
  2 hounds
  2 orc wizards (D:3)
  3 adders
  A gnoll (D:1)
  8 orcs
  6 ball pythons
  5 endoplasms
  2 giant cockroaches
  4 goblins
  9 hobgoblins
  12 jackals
  5 kobolds
  A quokka (D:3)
  4 bats (D:1)
  3 frilled lizards
  7 rats
75 creatures vanquished.

Notes
Turn   | Place    | Note
-------+----------+-------------------------------------------
     0 | D:1      | issech the Troll Monk began the quest for the Orb.
     0 | D:1      | Reached XP level 1. HP: 22/22 MP: 0/0
    50 | D:1      | Reached skill level 3 in Maces & Flails
    77 | D:1      | Reached XP level 2. HP: 26/29 MP: 1/1
   394 | D:1      | Reached XP level 3. HP: 19/36 MP: 2/2
   500 | D:1      | Found Beut Daodi's One-of-a-Kind Rings.
  1394 | D:2      | Found a shadowy altar of Dithmenos.
  1448 | D:2      | Reached XP level 4. HP: 41/45 MP: 3/3
  1898 | D:3      | Found a glowing silver altar of Zin.
  1903 | D:3      | Noticed Sigmund
  2022 | D:3      | Found a faded altar of an unknown god.
  2258 | D:3      | Reached XP level 5. HP: 39/53 MP: 4/4
  2365 | D:3      | Reached skill level 1 in Throwing
  2602 | D:3      | Reached skill level 4 in Maces & Flails
  2849 | D:3      | Killed Sigmund
  2850 | D:3      | Reached XP level 6. HP: 56/61 MP: 5/5
  3777 | D:5      | Entered Level 5 of the Dungeon
  3777 | D:5      | Noticed Grinder
  3778 | D:5      | Paralysed by Grinder for 3 turns
  3868 | D:5      | Noticed a two-headed ogre
  3886 | D:5      | Mangled by a two-headed ogre

Illustrated notes

Levels and vault maps discovered:
D:1:      dpeg_arrival_central, layout_loops_ring, nicolae_shop_unique_rings,
          amethyst_killhole, grunt_decor_resistance
D:2:      layout_basic, basic_altar
D:3:      layout_loops_corners, lemuel_round_altar,
          shapermc_ecumenical_altar_starsandcircs, uniq_sigmund
D:4:      layout_gridville
D:5:      layout_rooms, tso_metal_star, hangedman_decor_opposing, uniq_grinder

Skill      XL: |  1  2  3  4  5  6 |
---------------+-------------------+-----
Maces & Flails | 3 4 |  4.3
Fighting       | 3 |  3.6
Dodging        | 3 |  3.6
Throwing       | 1 2 |  2.0
Stealth        | |  1.4

Action                   |  1- 3 |  4- 6 || total
-------------------------+-------+-------++-------
Melee: Mace              |   153 |   130 ||   283
       Punch             |     3 |     3 ||     6
Throw: Stone             |    34 |    60 ||    94
       Boomerang         |       |    12 ||    12
 Stab: Sleeping          |     2 |     1 ||     3
Armor: Robe              |    80 |    49 ||   129
Dodge: Dodged            |   110 |    98 ||   208
